 Dungeon Crawl Stone Soup version 0.31.0-11-ge490571c62 (webtiles) character file.

Game seed: 4673322971677302622

2 Aviak the Firebug (level 1, -1/13 HPs)
             Began as a Demonspawn Fire Elementalist on Jan 26, 2024.
             Slain by a ball python (3 damage)
             ... on level 1 of the Dungeon.
             The game lasted 00:00:07 (30 turns).

Aviak the Firebug (Demonspawn Fire Elementalist)      Turns: 30, Time: 00:00:08

Health: -1/13      AC:  2    Str:  8    XL:     1   Next: 25%
Magic:  0/3        EV:  9    Int: 15    God:
Gold:   2          SH:  0    Dex: 13    Spells: 3/4 levels left

rFire   . . .        c - +0 whip
rCold   . . .        (no shield)
rNeg    . . .        a - +0 robe
rPois   .            (no helmet)
rElec   .            (no cloak)
rCorr   .            (no gloves)
SInv    .            (no boots)
Will    .....        (no amulet)
Stlth   ++           (no ring)
HPRegen 0.22/turn    (no ring)
MPRegen 0.08/turn

%: no passive effects
@: very slightly contaminated, constricted
A: no striking features
a: no special abilities


You were on level 1 of the Dungeon.
You visited 1 branch of the dungeon, and saw 1 of its levels.

You collected 2 gold pieces.

Inventory:

Hand Weapons
 c - a +0 whip (weapon)
Armour
 a - a +0 robe (worn)
Potions
 b - a potion of magic


   Skills:
 + Level 1.8 Dodging
 + Level 1.8 Stealth
 + Level 2.0 Spellcasting
 + Level 1.0 Conjurations
 + Level 2.7 Fire Magic


You had 3 spell levels left.
You knew the following spells:

 Your Spells              Type           Power      Damage    Failure   Level
a - Foxfire               Conj/Fire      28%        2x1d5     11%         1

Your spell library contained the following spells:

 Spells                   Type           Power      Damage    Failure   Level
 Scorch                   Fire           18%        2d5       11%         2
 Inner Flame              Hex/Fire       5%         N/A       36%         3
 Volatile Blastmotes      Fire/Tloc      10%        2d10      36%         3
 Flame Wave               Conj/Fire      7%         2d5       71%         4


Dungeon Overview and Level Annotations

Branches:
Dungeon (1/15)

Altars:


Message History

c - a +0 whip
c - a +0 whip (weapon)
You now have 2 gold pieces. 2 ball pythons come into view.
The ball python hisses angrily.
A bat comes into view.
The bat moves out of view.
There are monsters nearby!
You conjure some foxfire!
The bat hits you but does no damage. The ball python barely misses you.
The ball python closely misses you.
You miscast Foxfire.
You are very lightly contaminated with residual magic.
Nothing appears to happen.
The foxfire hits the bat.
The bat is severely wounded.
The bat misses you.
The foxfire hits the bat.
You kill the bat!
The ball python barely misses you. x2
You conjure some foxfire!
The ball python closely misses you. The ball python grabs you.
The ball python constricts you.
You hit the ball python.
You kill the ball python!
The foxfire hits the ball python.
The ball python is moderately wounded.
The foxfire hits the ball python.
The ball python is severely wounded.
The ball python bites you. The ball python barely misses you.
You closely miss the ball python.
The ball python is heavily wounded.
The ball python barely misses you. The ball python misses you.
The ball python bites you. The ball python grabs you.
The ball python constricts you.
You barely miss the ball python.
The ball python is heavily wounded.
The ball python bites you. The ball python constricts you.
You hit the ball python but do no damage.
The ball python is heavily wounded.
The ball python bites you.
* * * LOW HITPOINT WARNING * * *
The ball python constricts you. The ball python bites you.
You die...

#♣# ##.♣# .##
♣♣♣♣♣.#.♣#♣♣♣ ..#
♣...........♣ #.##
♣...........# #..######
#..#######..# #..^.....
♣♣..#.....#..♣♣#.#......
♣...'.<...#...#.........
.♣..#.....#..♣.♣@.#....
#...#.....#...♣♣†S# .
♣♣..#...P.#..#♣....#
~..###+###..♣##.#.#
#≈... ....# #.#.# ♣~...
...... #.#.# #♣♣#
♣.~♣#♣. ... # #.♣♣ # ##.
##


You could see a ball python.

Vanquished Creatures
  A bat (D:1)
  A ball python (D:1)
2 creatures vanquished.

Vanquished Creatures (others)
  4 foxfires (D:1)
4 creatures vanquished.

Grand Total: 6 creatures vanquished

Notes
Turn   | Place    | Note
-------+----------+-------------------------------------------
     0 | D:1      | Aviak the Demonspawn Fire Elementalist began the quest for
                  | the Orb.
     0 | D:1      | Reached XP level 1. HP: 13/13 MP: 3/3
    30 | D:1      | Slain by a ball python

Illustrated notes

Levels and vault maps discovered:
D:1:      saegor_arrival_under_anarchy, layout_basic, minmay_misc_feat_columns

Action                     || total
---------------------------++-------
  Melee: Whip              ||     4
   Cast: Foxfire           ||     2
 Armour: Robe              ||     6
  Dodge: Dodged            ||     9
